 Dungeon Crawl Stone Soup version 0.29-a0-92-gee772dd00f (webtiles) character file.

Game seed: 636832729475736612

137 siradein the Firebug (level 5, -1/38 HPs)
             Began as a Draconian Fire Elementalist on Feb 10, 2022.
             Succumbed to a kobold brigand's curare-tipped dart
             ... on level 3 of the Dungeon.
             The game lasted 00:15:37 (3265 turns).

siradein the Firebug (Draconian Fire Elementalist)  Turns: 3265, Time: 00:15:38

Health: -1/38      AC:  7    Str: 10    XL:     5   Next: 0%
Magic:  2/9        EV: 12    Int: 20    God:
Gold:   83         SH:  0    Dex: 11    Spells: 3/9 levels left

rFire   + . .      SeeInvis +   k - +0 rapier
rCold   + . .      Faith    .   (no shield)
rNeg    . . .      Spirit   .   (armour unavailable)
rPois   .          Reflect  .   (helmet restricted)
rElec   .          Harm     .   c - scarf {rC+ rF+}
rCorr   +          Rampage  .   i - +0 pair of gloves
Will    +++..                   g - +0 pair of boots
Stlth   ++........              (no amulet)
HPRegen 0.12/turn               d - ring of willpower
MPRegen 0.11/turn               h - ring of Goockoutwib {Will+ rCorr Int+2 SInv}

@: lethally poisoned (-1 -> -7), slowed, very slow
A: AC +5, unfitting armour, cold-blooded, strong-willed 1, mutation resistance 1
a: no special abilities


You were on level 3 of the Dungeon.
You visited 1 branch of the dungeon, and saw 3 of its levels.

You collected 83 gold pieces.

Inventory:

Hand Weapons
 k - a +0 rapier (weapon)
Armour
 c - a scarf of resistance (worn)
 g - a +0 pair of boots (worn)
 i - a +0 pair of gloves (worn)
Jewellery
 d - a ring of willpower (left hand)
 h - the ring of Goockoutwib (right hand) {Will+ rCorr Int+2 SInv}
   (You found it on level 2 of the Dungeon)

   [ring of resist corrosion]

   Int:       It affects your intelligence (+2).
   SInv:      It lets you see invisible.
   rCorr:     It protects you from acid and corrosion.
   Will:      It increases your willpower.
Scrolls
 a - a scroll of enchant weapon {unknown}
 b - a scroll of teleportation {unknown}
 e - 2 scrolls of identify {unknown}
 f - 2 scrolls of holy word {unknown}
 m - a scroll of torment {unknown}
 n - a scroll of noise {unknown}
Potions
 l - a potion of lignification {unknown}


   Skills:
 + Level 2.7 Dodging
 - Level 1.7 Stealth
 + Level 2.9 Spellcasting
 + Level 2.5 Conjurations
 + Level 3.8 Fire Magic


You had 3 spell levels left.
You knew the following spells:

 Your Spells              Type           Power      Damage    Failure   Level
a - Foxfire               Conj/Fire      60%        2x1d7     3%          1
b - Scorch                Fire           36%        2d6       4%          2
c - Conjure Flame         Conj/Fire      15%        6-21      12%         3

Your spell library contained the following spells:

 Spells                   Type           Power      Damage    Failure   Level
 Inner Flame              Hex/Fire       10%        N/A       21%         3
 Flame Wave               Conj/Fire      15%        2d6       36%         4


Dungeon Overview and Level Annotations

Branches:
Dungeon (3/15)

Altars:


Innate Abilities, Weirdness & Mutations

Your plain brown scales are hard. (AC +5)
You cannot fit into any form of body armour.
You are cold-blooded and may be slowed by cold attacks.
You are strong-willed. (Will+)
You are somewhat resistant to further mutation.


Message History

You tail-slap the kobold brigand, but do no damage.
The kobold brigand is heavily wounded.
The kobold brigand is no longer more vulnerable to fire.
The kobold brigand hits you with a +0 club.
Casting: Foxfire (safe; 3% risk of failure)
Confirm with . or Enter, or press ? or * to list all spells.
Flames lash the kobold brigand.
The kobold brigand is almost dead.
The kobold brigand's fire resistance burns away.
The kobold brigand barely misses you.
You closely miss the kobold brigand.
The kobold brigand is almost dead.
The kobold brigand hits you but does no damage.
You completely miss the kobold brigand.
The kobold brigand is almost dead.
The kobold brigand hits you with a +0 club.
The kobold brigand hits you but does no damage.
You closely miss the kobold brigand.
You punch the kobold brigand, but do no damage.
The kobold brigand is almost dead.
The kobold brigand barely misses you.
You closely miss the kobold brigand.
The kobold brigand is almost dead.
The kobold brigand is no longer more vulnerable to fire.
The kobold brigand closely misses you.
The kobold brigand throws a curare-tipped dart.
The curare-tipped dart hits you.
You are poisoned.
You have difficulty breathing.
You feel yourself slow down.
You see here a ball python corpse.
You feel very sick.
* * * LOW HITPOINT WARNING * * *
You feel very sick.
* * * LOW HITPOINT WARNING * * *
You feel very sick.
The kobold brigand hits you with a +0 club.
* * * LOW HITPOINT WARNING * * *
It was a potion of mutation.
You feel extremely strange.
You feel strong-willed.
You feel genetically stable.
You die...

#). #..# #.#.# ##. ##.v
#..#######.#.###.. #.)#
#.......##.#.##..♣
#.K######.#####.##..##..♣.
#..#..†...# #.#####..♣..
#..######## #.# #..♣.♣.
#..# #.####.♣...♣
##.########## #.##.#..♣.♣.
#....†.K@..# #.#.##...♣.♣
##########.# #..###..♣.♣.
#.# #.#.##.♣...♣
#.###....#..♣.♣.
#.<......##..♣..
########..##..♣. ##..##..♣
##..##.. ##..##.


You could see a kobold brigand.

Vanquished Creatures
  Jessica (D:2)
  Robin (D:1)
  An adder (D:2)
  2 worms (D:2)
  An orc (D:3)
  7 endoplasms
  2 giant cockroaches
  8 goblins
  15 hobgoblins
  4 jackals (D:1)
  9 kobolds
  3 quokkas
  6 ball pythons
  6 bats
  4 frilled lizards
  7 rats
77 creatures vanquished.

Vanquished Creatures (others)
  190 foxfires
190 creatures vanquished.

Grand Total: 267 creatures vanquished

Notes
Turn   | Place    | Note
-------+----------+-------------------------------------------
     0 | D:1      | siradein the Draconian Fire Elementalist began the quest
                  | for the Orb.
     0 | D:1      | Reached XP level 1. HP: 14/14 MP: 3/3
   364 | D:1      | Reached XP level 2. HP: 20/20 MP: 1/5
   815 | D:1      | Found a faded altar of an unknown god.
   985 | D:1      | Reached XP level 3. HP: 26/26 MP: 3/6
  1062 | D:1      | Learned a level 2 spell: Scorch
  1066 | D:1      | Learned a level 3 spell: Conjure Flame
  1520 | D:2      | Noticed Jessica
  1528 | D:2      | Killed Jessica
  1675 | D:2      | Reached XP level 4. HP: 33/33 MP: 4/7
  1878 | D:2      | Identified the ring of Goockoutwib {Will+ rCorr Int+2 SInv}
  2036 | D:2      | Noticed Robin
  2254 | D:1      | Killed Robin
  3225 | D:3      | Reached XP level 5. HP: 38/38 MP: 4/9
  3264 | D:3      | HP: 1/38 [kobold brigand (5)]
  3265 | D:3      | Gained mutation: You are strong-willed. (Will+) [potion of
                  | mutation]
  3265 | D:3      | Gained mutation: You are somewhat resistant to further
                  | mutation. [potion of mutation]
  3265 | D:3      | Succumbed to a kobold brigand's curare-tipped dart

Illustrated notes

Levels and vault maps discovered:
D:1:      beargit_arrival_diablo_church, layout_basic,
          shapermc_ecumenical_altar_mp_vishouse
D:2:      layout_basic, serial_aquarium, aquarium_bridge_square
          [aquarium_subvault_bridge, aquarium_subvault_window,
          aquarium_subvault_wall, aquarium_subvault_bridge],
          aquarium_bridge_long_separate [aquarium_subvault_wall,
          aquarium_subvault_bridge, aquarium_subvault_wall,
          aquarium_subvault_bridge, aquarium_subvault_window,
          aquarium_subvault_bridge], aquarium_window_1, aquarium_window_fake,
          aquarium_window_1, aquarium_view_2d, aquarium_pool_S,
          minmay_tree_intersection, uniq_jessica, uniq_robin
D:3:      cheibrodos_thug_alley, layout_loops_ring, kennysheep_cluttered_room

Skill      XL: |  1  2  3 |
---------------+----------+-----
Dodging        | 2 |  2.7
Conjurations   | 2 |  2.5
Stealth        | |  1.7
Spellcasting   | |  2.9
Fire Magic     | |  3.8

Action                   |  1- 3 |  4- 6 || total
-------------------------+-------+-------++-------
Melee: Unarmed           |     1 |       ||     1
       Rapier            |       |    20 ||    20
       Tailslap          |       |     2 ||     2
       Punch             |       |     1 ||     1
 Cast: Foxfire           |    60 |    55 ||   115
       Scorch            |       |     4 ||     4
  Use: Potion            |       |     1 ||     1
 Stab: Sleeping          |       |     2 ||     2
Armor: Skin              |    18 |    17 ||    35
Dodge: Dodged            |    42 |    23 ||    65

Table legend: (Time is in decaauts)
 A = Elapsed time spent in this place.
 B = Non-inter-level travel time spent in this place.
 C = Inter-level travel time spent in this place.
 D = Time resting spent in this place.
 E = Time spent auto-exploring this place.
 F = Levels seen in this place.
 G = Mean time per level.
                   A        B        C        D        E       F      G
               +--------+--------+--------+--------+--------+-----+--------+
         Total |   3270 |   3222 |     48 |    127 |   2428 |   3 | 1090.0 |
       Dungeon |   3270 |   3222 |     48 |    127 |   2428 |   3 | 1090.0 |
               +--------+--------+--------+--------+--------+-----+--------+

Top non-repeatable levels by time:
     D:1: 1596 daAuts
     D:2: 1275 daAuts
     D:3: 399 daAuts
